 Dungeon Crawl Stone Soup version 0.26-a0-737-g4e9f4955e2 (webtiles) character file.

Game seed: 10871586902713347935

7053 mhtbhm the Cleaver (level 10, 0/135 HPs)
             Began as a Minotaur Berserker on Nov 4, 2020.
             Was a High Priest of Trog.
             Slain by a large slime creature (18 damage)
             ... on level 12 of the Dungeon.
             The game lasted 00:11:30 (9615 turns).

mhtbhm the Cleaver (Minotaur Berserker)             Turns: 9615, Time: 00:11:31

Health: 0/135      AC: 23    Str: 25    XL:     10   Next: 83%
Magic:  3/3        EV: 11    Int:  4    God:    Trog [*****.]
Gold:   721        SH: 11    Dex: 10    Spells: 9/9 levels left

rFire    + . .     SeeInvis .   a - +1 broad axe (antimagic)
rCold    . . .     Faith    .   q - +0 kite shield
rNeg     . . .     Spirit   .   b - +2 scale mail {rF+}
rPois    +         Reflect  .   D - +2 hat
rElec    .         Harm     .   (no cloak)
rCorr    .         Rampage  .   p - +2 pair of gloves
MR       .....                  E - +2 pair of boots
Stlth    ..........             (no amulet)
HPRegen  0.32/turn              l - ring of poison resistance
MPRegen  0.08/turn              w - +4 ring of protection

@: berserking, very quick
A: retaliatory headbutt, horns 2
a: Berserk, Trog's Hand, Brothers in Arms, Renounce Religion


You were on level 12 of the Dungeon.
You worshipped Trog.
Trog was extremely pleased with you.
You visited 1 branch of the dungeon, and saw 10 of its levels.
You also visited: Ossuary.

You collected 721 gold pieces.

Inventory:

Hand Weapons
 a - a +1 antimagic broad axe (weapon)
Armour
 b - a +2 scale mail of fire resistance (worn)
 p - a +2 pair of gloves (worn)
 q - a +0 kite shield (worn)
 D - a +2 hat (worn)
 E - a +2 pair of boots (worn)
Jewellery
 l - a ring of poison resistance (left hand)
 w - a +4 ring of protection (right hand)
Wands
 x - a wand of flame (8)
 y - a wand of random effects (17)
 C - a wand of acid (9)
Scrolls
 c - 5 scrolls of identify
 g - 2 scrolls of fog {unknown}
 i - 2 scrolls of fear {unknown}
 k - 6 scrolls of amnesia {unknown}
 o - 3 scrolls of teleportation
 r - a scroll of blinking
 v - a scroll of summoning {unknown}
 z - 2 scrolls of magic mapping
 B - 2 scrolls of enchant armour {unknown}
 F - a scroll of vulnerability {unknown}
 G - 3 scrolls of remove curse {unknown}
 H - a scroll of torment {unknown}
 I - 2 scrolls of acquirement {unknown}
Potions
 d - 2 potions of stabbing {unknown}
 e - 5 potions of haste {unknown}
 f - a potion of heal wounds {unknown}
 h - 7 potions of curing {unknown}
 j - 2 potions of might
 m - 2 potions of brilliance {unknown}
 n - a potion of invisibility {unknown}
 s - 3 potions of magic {unknown}
 t - a potion of flight {unknown}
 u - a potion of degeneration {unknown}
 A - 2 potions of lignification {unknown}
Miscellaneous
 J - a tin of tremorstones (3/3)


   Skills:
 + Level 8.6 Fighting
 + Level 13.3 Axes
 + Level 8.6 Armour
 + Level 5.4 Dodging
 + Level 1.2 Stealth
 + Level 7.4 Shields


You had 9 spell levels left.
You didn't know any spells.
Your spell library was empty.

Dungeon Overview and Level Annotations

Branches:
Dungeon (9/15)             Temple (0/1) D:7         Ossuary (visited)
   Lair: D:8-11         Orc: D:9-12

Altars:
Ashenzari
Cheibriados
Dithmenos
Fedhas
Gozag
Kikubaaqudgha
Nemelex Xobeh
Okawaru
Ru
Trog
Uskayaw
Vehumet
Wu Jian
Xom
Zin


Innate Abilities, Weirdness & Mutations

You reflexively headbutt those who attack you in melee.
You have a pair of horns on your head.


Message History

You headbutt the slime creature!
A very large slime creature splits.
You slice the large slime creature!! You headbutt the large slime creature!
The large slime creature is severely wounded.
You slash the slime creature! x2
You feel the power of Trog in you as your rage grows.
You kill the slime creature!
Trog accepts your kill.
Unknown command.
You slice the large slime creature!!
The large slime creature is almost dead.
You slash the slime creature! The large slime creature hits you!!
* * * LOW HITPOINT WARNING * * *
The slime creature closely misses you. You furiously retaliate!
You headbutt the slime creature!!
You kill the slime creature!
Trog accepts your kill.
You barely miss the large slime creature.
The large slime creature is almost dead.
The large slime creature hits you!!
You die...

############+######
......J@.).........
.....<.......(.....
...................
##################+


You could see a large slime creature.

Vanquished Creatures
  A two-headed ogre (D:8)
  An unseen horror (D:8)
  Psyche (D:8)
  Maggie (D:7)
  Prince Ribbit (D:7)
  4 slime creatures (D:12)
  Sigmund (D:3)
  Edmund (D:5)
  A water moccasin (D:6)
  4 orc warriors
  An ice beast (D:5)
  3 sky beasts
  7 ogres
  4 centaurs
  A big kobold (D:6)
  8 bullfrogs
  A gnoll sergeant (D:7)
  A scorpion (D:8)
  5 killer bees (D:7)
  A howler monkey (D:9)
  A lava snake (D:8)
  2 bullfrog zombies
  A centaur zombie (D:6)
  2 jellies
  A quasit (D:8)
  3 hounds
  6 orc priests
  10 orc wizards
  A bullfrog skeleton (D:4)
  A centaur skeleton (D:5)
  An iguana (D:8)
  6 worker ants
  A big kobold zombie (Ossuary)
  A hound zombie (D:9)
  A hound skeleton (D:4)
  A worker ant zombie (D:9)
  2 mummies (Ossuary)
  5 gnolls (D:7)
  A howler monkey skeleton (D:4)
  9 adders
  3 white imps
  2 ufetubi
  An ooze (D:3)
  7 adder zombies
  An adder skeleton (D:6)
  4 worms
  A dart slug (D:1)
  6 leopard geckos
  43 orcs
  3 bats
  4 giant cockroaches
  6 hobgoblins
  18 jackals
  8 kobolds
  5 quokkas
  A ball python (D:2)
  5 frilled lizards
  2 gnoll zombies (Ossuary)
  A goblin (D:2)
  3 hobgoblin zombies (Ossuary)
  3 kobold zombies (Ossuary)
  5 orc zombies (Ossuary)
  15 rats
251 creatures vanquished.

Vanquished Creatures (others)
  A plant (D:4)
1 creature vanquished.

Grand Total: 252 creatures vanquished

Notes
Turn   | Place    | Note
-------+----------+-------------------------------------------
     0 | D:1      | mhtbhm the Minotaur Berserker began the quest for the Orb.
     0 | D:1      | Reached XP level 1. HP: 19/19 MP: 0/0
   106 | D:1      | You fall into a shaft and drop 1 floor!
   140 | D:2      | Reached XP level 2. HP: 27/27 MP: 1/1
   230 | D:2      | Found an iron altar of Okawaru.
   238 | D:2      | Reached skill level 4 in Axes
   260 | D:2      | Noticed a centaur
   322 | D:2      | Killed a centaur
   322 | D:2      | Reached XP level 3. HP: 18/34 MP: 2/2
   322 | D:2      | Reached XP level 4. HP: 22/41 MP: 3/3
  1450 | D:2      | Reached ** piety under Trog
  1528 | D:2      | Reached skill level 5 in Axes
  1762 | D:3      | Found a shimmering altar of Xom.
  1776 | D:3      | Reached skill level 5 in Fighting
  1776 | D:3      | Reached XP level 5. HP: 39/48 MP: 4/4
  1982 | D:3      | Noticed Sigmund
  1989 | D:3      | Killed Sigmund
  1989 | D:3      | Reached skill level 6 in Axes
  1989 | D:3      | Reached XP level 6. HP: 50/56 MP: 5/5
  2279 | D:3      | Found a bloodstained altar of Trog.
  2279 | D:3      | You fall into a shaft and drop 1 floor!
  2573 | D:4      | Reached *** piety under Trog
  2586 | D:4      | Found a sacrificial altar of Ru.
  2627 | D:4      | Found a blossoming altar of Fedhas.
  2843 | D:4      | Reached skill level 1 in Shields
  3366 | D:5      | Entered Level 5 of the Dungeon
  3382 | D:5      | Reached XP level 7. HP: 57/62 MP: 6/6
  3470 | D:5      | Found a sand-covered staircase.
  3478 | Ossuary  | Entered an ossuary
  3535 | Ossuary  | Reached skill level 7 in Axes
  3599 | Ossuary  | Reached **** piety under Trog
  3727 | D:5      | Found an ornate altar of the Wu Jian Council.
  3846 | D:5      | Noticed Edmund
  3851 | D:5      | Killed Edmund
  3851 | D:5      | Reached skill level 8 in Axes
  4056 | D:5      | Reached XP level 8. HP: 54/70 MP: 7/7
  4170 | D:5      | Reached skill level 9 in Axes
  4366 | D:6      | Found a radiant altar of Vehumet.
  4613 | D:6      | Reached skill level 5 in Armour
  4873 | D:6      | Reached skill level 10 in Axes
  5141 | D:6      | Found a hide-covered altar of Uskayaw.
  5146 | D:6      | Reached XP level 9. HP: 78/78 MP: 8/8
  5168 | D:6      | Found a sparkling altar of Nemelex Xobeh.
  5171 | D:6      | Found an ancient bone altar of Kikubaaqudgha.
  5433 | D:7      | Noticed Maggie
  5461 | D:7      | Reached ***** piety under Trog
  5478 | D:7      | Killed Maggie
  5480 | D:7      | Reached skill level 11 in Axes
  6027 | D:7      | Reached skill level 5 in Shields
  6127 | D:7      | Noticed Prince Ribbit
  6141 | D:7      | Killed Prince Ribbit
  6651 | D:7      | Found a shadowy altar of Dithmenos.
  6697 | D:7      | Found a staircase to the Ecumenical Temple.
  7257 | D:8      | Killed an unseen horror
  7257 | D:8      | Reached skill level 12 in Axes
  7257 | D:8      | Reached XP level 10. HP: 13/88 MP: 9/9
  7647 | D:8      | Noticed Psyche
  7661 | D:8      | Killed Psyche
  7661 | D:8      | Reached skill level 5 in Dodging
  8431 | D:8      | Noticed a two-headed ogre
  8441 | D:8      | Killed a two-headed ogre
  8441 | D:8      | Reached skill level 1 in Stealth
  8547 | D:8      | Found an opulent altar of Gozag.
  8971 | D:9      | Found a glowing silver altar of Zin.
  8972 | D:9      | Found a broken altar of Ashenzari.
  9039 | D:9      | Found a snail-covered altar of Cheibriados.
  9553 | D:9      | Reached skill level 13 in Axes
  9571 | D:9      | Received a gift from Trog
  9595 | D:9      | You fall into a shaft and drop 3 floors!
  9615 | D:12     | Slain by a large slime creature

Illustrated notes

Levels and vault maps discovered:
D:1:      evilmike_arrival_grusome_pit, layout_loops_corners
D:2:      layout_basic, kennysheep_okawaru_gauntlet, skrybe_limestone_x,
          minmay_tromino_mix6
D:3:      layout_loops_cross, lightli_temple_of_fire, xom_teletrap_fun,
          corexii_hall_statues_l, chequers_serial_rivers_micro_d, uniq_sigmund
D:4:      layout_loops_ring, marbit_many_paths, fedhas_altar_1
D:5:      layout_basic, overflow_temple_1_default, chequers_ossuary_entry_cave,
          minmay_misc_feat_chi, grunt_ministairs_3, hangedman_minor_gate_pass,
          uniq_edmund
D:6:      lemuel_ice_spiral_2, layout_rooms, minmay_overflow_temple_star_quad,
          vehumet_altar_wand_db, lightli_minifort
D:7:      layout_loops_ring, grunt_dithmenos_smoke_and_mirrors,
          minmay_temple_entry_proselytizer, uniq_prince_ribbit1, uniq_maggie
D:8:      layout_basic, kennysheep_mini_moat, kennysheep_decorative_pillar,
          uniq_psyche
D:9:      layout_basic, lemuel_doored_altar, gammafunk_temple_overflow_statue,
          serial_corexii_hall, chequers_hall_statues_y,
          chequers_hall_statues_wall_a, corexii_hall_statues_l,
          chequers_hall_statues_y
D:12:     layout_grid_maze, serial_shops, kennysheep_mini

Skill      XL: |  1  2  3  4  5  6  7  8  9 10 |
---------------+-------------------------------+-----
Fighting       | 4 5 6 7 8 |  8.6
Axes           | 4 5 6 8 10 12 13 | 13.3
Armour         | 3 4 6 7 8 |  8.6
Dodging        | 3 4 5 |  5.4
Shields        | 1 2 3 6 7 |  7.4
Stealth        | 1 |  1.2

Action                   |  1- 3 |  4- 6 |  7- 9 | 10-12 || total
-------------------------+-------+-------+-------+-------++-------
Melee: Hand axe          |    24 |    79 |       |       ||   103
       Headbutt          |     4 |    20 |    55 |    17 ||    96
       War axe           |       |    70 |   317 |   118 ||   505
       Broad axe         |       |       |       |    15 ||    15
Invok: Berserk           |     1 |       |     4 |     1 ||     6
Evoke: Wand              |       |       |     1 |       ||     1
  Use: Scroll            |       |     6 |       |       ||     6
Armor: Animal skin       |     2 |       |       |       ||     2
       Chain mail        |    21 |    47 |       |       ||    68
       Scale mail        |       |    12 |   167 |    37 ||   216
Dodge: Dodged            |    26 |    67 |    84 |    35 ||   212
Block: Kite shield       |       |    25 |   153 |    49 ||   227

Table legend: (Time is in decaauts)
 A = Elapsed time spent in this place.
 B = Non-inter-level travel time spent in this place.
 C = Inter-level travel time spent in this place.
 D = Time resting spent in this place.
 E = Time spent auto-exploring this place.
 F = Levels seen in this place.
 G = Mean time per level.
                   A        B        C        D        E       F      G
               +--------+--------+--------+--------+--------+-----+--------+
         Total |   9690 |   9625 |     65 |   1717 |   5764 |  11 |  880.9 |
       Dungeon |   9464 |   9399 |     65 |   1660 |   5694 |  10 |  946.4 |
       Ossuary |    225 |    225 |      0 |     57 |     70 |   1 |  225.0 |
               +--------+--------+--------+--------+--------+-----+--------+

Top non-repeatable levels by time:
     D:7: 1717 daAuts
     D:8: 1605 daAuts
     D:6: 1078 daAuts
     D:3: 981 daAuts
     D:9: 844 daAuts
     D:1: 830 daAuts
     D:5: 802 daAuts
     D:4: 794 daAuts
     D:2: 793 daAuts
 Ossuary: 225 daAuts
    D:12: 18 daAuts
